 Dungeon Crawl Stone Soup version 0.31.0-32-g396128a36d (webtiles) character file.

Game seed: 3123128688357713300

237 Alphaeus the Ruffian (level 6, -5/40 HPs)
             Began as an Octopode Shapeshifter on Mar 19, 2024.
             Slain by Pikel
             ... wielding a +2 whip of freezing
              (10 damage)
             ... on level 3 of the Dungeon.
             The game lasted 00:01:28 (1759 turns).

Alphaeus the Ruffian (Octopode Shapeshifter)        Turns: 1759, Time: 00:01:28

Health: -5/40      AC:  1    Str: 15    XL:     6   Next: 6%
Magic:  6/6        EV: 13    Int: 13    God:
Gold:   99         SH:  0    Dex: 11    Spells: 5/5 levels left

rFire   . .          .
                       - Unarmed
rCold   . . .        (no shield)
rNeg    . . .        (helmet currently unavailable)
rPois   .            (no amulet)
rElec   .            (no ring)
rCorr   .            (no ring)
SInv    .            (no ring)
Will    .....        (no ring)
Stlth   ++           (no ring)
HPRegen 0.26/turn    (no ring)
MPRegen 0.10/turn    (no ring)
                     (no ring)

%: no passive effects
@: beast-form
A: beast (slay +2), almost no armour, amphibious, 8 rings, camouflage 1,
gelatinous body 1, (nimble swimmer 1), tentacles
a: Begin Untransformation


You were on level 3 of the Dungeon.
You were a hulking beast.
You visited 1 branch of the dungeon, and saw 4 of its levels.

You collected 99 gold pieces.

Inventory:

Missiles
 f - a throwing net (quivered)
Talismans
 b - a beast talisman
 c - a flux talisman
Scrolls
 d - 4 scrolls of teleportation {unknown}
 e - 2 scrolls of identify {unknown}
 g - a scroll of amnesia {unknown}
 i - a scroll of fog {unknown}
 k - a scroll of enchant weapon {unknown}
 l - a scroll of fear {unknown}
Potions
 a - a potion of lignification
 h - a potion of berserk rage {unknown}
 j - a potion of might {unknown}


   Skills:
 + Level 2.3 Fighting
 + Level 3.0 Dodging
 * Level 4.5 Unarmed Combat
 * Level 4.3 Shapeshifting


You had 5 spell levels left.
You didn't know any spells.
Your spell library contained the following spells:

 Spells                   Type           Power      Damage    Failure   Level
 Lesser Beckoning         Tloc           0%         N/A       43%         2
 Gell's Gravitas          Tloc           0%         N/A       67%         3
 Teleport Other           Tloc           0%         N/A       67%         3
 Dispersal                Tloc           0%         N/A       100%        6


Dungeon Overview and Level Annotations

Branches:
Dungeon (4/15)
 Temple: D:4-7

Altars:
Nemelex Xobeh
Xom

Annotations:
D:3 Pikel


Innate Abilities, Weirdness & Mutations

You are a hulking beast.
Your limbs bulge with bestial killing power. (Slay +2)
You cannot wear most types of armour.
You are amphibious.
You can wear up to eight rings at the same time.
Your skin changes colour to match your surroundings (Stealth+).
Your rubbery body absorbs attacks. (AC +1, EV +1)
((You are camouflaged when in or above water. (Stealth+)))
You have tentacles for arms and can constrict up to eight enemies at once.


Message History

You constrict Pikel, but do no damage. Pikel closely misses you.
You tentacle-slap Pikel.
Pikel is heavily wounded.
You constrict Pikel.
Pikel hits you with a +2 whip of freezing.
Pikel freezes you.
You are too injured to fight recklessly!
You are too injured to fight recklessly!
You are too injured to fight recklessly!
You are too injured to fight recklessly!
You are too injured to fight recklessly!
You are too injured to fight recklessly!
You are too injured to fight recklessly!
You are too injured to fight recklessly!
You are too injured to fight recklessly!
You are too injured to fight recklessly!
You are too injured to fight recklessly!
You are too injured to fight recklessly!
You are too injured to fight recklessly!
You are too injured to fight recklessly!
You are too injured to fight recklessly!
You are too injured to fight recklessly!
You are too injured to fight recklessly!
You tentacle-slap Pikel.
Pikel is heavily wounded.
You constrict Pikel, but do no damage. Pikel closely misses you.
You tentacle-slap Pikel.
Pikel is heavily wounded.
You constrict Pikel.
Pikel says, "Hell isn't that bad."
Pikel hits you with a +2 whip of freezing!
* * * LOW HITPOINT WARNING * * *
Pikel freezes you.
* * * LOW HITPOINT WARNING * * *
You bludgeon Pikel!
Pikel is severely wounded.
You constrict Pikel, but do no damage.
Pikel hits you with a +2 whip of freezing!
You die...
Pikel says, "Another soul for the market."

#........#.## ##.#
########.##.###.## #.###.#.##
#### #.# ##.## ...# #.# ##.#####
##.######.###......##########
...##.......#..###.##.......#
#..##.#>.......###.##.#####.#####
#..##.#........Kh................
..........#...##.#.##.#..##>####.
...#..........#..#.##.#..##.# #.
..##.##.####.......##.......# #.
###...#.####..#.##.####..#### #.
#...#............# #..# #.
#...#########.#### #..# #.
#...########...########### #.
###...#...##........##.....#####.


You could see Pikel.

Vanquished Creatures
  Sigmund (D:3)
  Terence (D:3)
  A ribbon worm (D:2)
  3 ball pythons
  3 endoplasms
  7 giant cockroaches
  4 goblins
  3 hobgoblins
  2 jackals (D:1)
  9 kobolds
  5 bats
  2 frilled lizards
  2 rats (D:1)
43 creatures vanquished.

Notes
Turn   | Place    | Note
-------+----------+-------------------------------------------
     0 | D:1      | Alphaeus the Octopode Shapeshifter began the quest for the
                  | Orb.
     0 | D:1      | Reached XP level 1. HP: 13/13 MP: 1/1
   128 | D:1      | Reached XP level 2. HP: 18/18 MP: 2/2
   558 | D:1      | Found a sparkling altar of Nemelex Xobeh.
   779 | D:2      | Reached XP level 3. HP: 23/23 MP: 3/3
  1075 | D:3      | Noticed Terence
  1077 | D:3      | Noticed Sigmund
  1081 | D:3      | Killed Terence
  1082 | D:3      | Reached XP level 4. HP: 26/29 MP: 4/4
  1096 | D:3      | Killed Sigmund
  1097 | D:3      | Reached XP level 5. HP: 21/34 MP: 5/5
  1097 | D:3      | Reached XP level 6. HP: 24/39 MP: 6/6
  1165 | D:3      | Found a large runed translucent door.
  1165 | D:3      | Found a large runed translucent door.
  1610 | D:3      | Found a shimmering altar of Xom.
  1744 | D:4      | Noticed Pikel
  1759 | D:3      | Slain by Pikel

Illustrated notes

Levels and vault maps discovered:
D:1:      dpeg_arrival_lava_altar, layout_rooms
D:2:      layout_basic
D:3:      due_chaos_kobolds, layout_loops_cross, uniq_sigmund, uniq_terence
D:4:      layout_rooms, uniq_ijyb, uniq_pikel

Skill      XL: |  1  2  3  4  5  6 |
---------------+-------------------+-----
Fighting       | 2 |  2.3
Unarmed Combat | 4 |  4.5
Shapeshifting  | 4 |  4.3
Dodging        | 3 |  3.0

Action                     |  1- 3 |  4- 6 || total
---------------------------+-------+-------++-------
  Melee: Unarmed           |    59 |    31 ||    90
         Constrict         |    14 |     9 ||    23
         Tentacles         |    13 |     8 ||    21
         Punch             |     3 |       ||     3
   Stab: Sleeping          |     5 |     1 ||     6
 Armour: Skin              |    27 |    11 ||    38
  Dodge: Dodged            |    31 |    10 ||    41
